 Dungeon Crawl Stone Soup version 0.24-a0-640-ge7cd8ce (webtiles) character file.

Game seed: 12399168957289926543, levelgen mode: deterministic

45 CanOfBees the Slasher (level 3, 0/28 HPs)
             Began as a Demonspawn Gladiator on Sept 23, 2019.
             Succumbed to an adder's poison
             ... on level 1 of the Dungeon.
             The game lasted 00:01:53 (1136 turns).

CanOfBees the Slasher (Demonspawn Gladiator)        Turns: 1136, Time: 00:01:54

Health: 0/28       AC:  5    Str: 15    XL:     3   Next: 42%
Magic:  3/3        EV: 13    Int:  9    God:
Gold:   35         SH:  0    Dex: 14    Spells: 2/2 levels left

rFire    . . .     SeeInvis .   a - +0 long sword
rCold    . . .     Gourm    +   (no shield)
rNeg     . . .     Faith    .   b - +0 leather armour
rPois    .         Spirit   .   c - +0 helmet
rElec    .         Reflect  .   (no cloak)
rCorr    .         Harm     .   m - +0 pair of gloves
MR       .....                  (no boots)
Stlth    +.........             p - amulet of the gourmand
HPRegen  0.09/turn              (no ring)
MPRegen  0.08/turn              (no ring)

@: lethally poisoned (0 -> -1)
A: talons 2
a: no special abilities


You were on level 1 of the Dungeon.
You were not hungry.

You visited 1 branch of the dungeon, and saw 2 of its levels.

You collected 35 gold pieces.

Inventory:

Hand Weapons
 a - a +0 long sword (weapon)
 l - a +0 short sword
Missiles
 d - 2 throwing nets (quivered)
 e - 18 stones
 n - 20 bolts
 o - 18 poisoned darts
 q - 26 arrows
Armour
 b - a +0 leather armour (worn)
 c - a +0 helmet (worn)
 m - a +0 pair of gloves (worn)
Jewellery
 p - an amulet of the gourmand (around neck)
Scrolls
 h - a scroll of noise {unknown}
 i - a scroll of remove curse {unknown}
 j - a scroll of identify {unknown}
 k - a scroll of teleportation {unknown}
Comestibles
 f - 3 rations
 g - 2 chunks of flesh


   Skills:
 + Level 2.6 Fighting
 + Level 3.1 Long Blades
 + Level 2.3 Throwing
 - Level 3.0 Dodging


You had 2 spell levels left.
You didn't know any spells.
Your spell library was empty.

Dungeon Overview and Level Annotations

Branches:
Dungeon (2/15)

Altars:


Innate Abilities, Weirdness & Mutations

You have razor-sharp toenails.


Message History

* * * LOW HITPOINT WARNING * * *
You feel sick.
Things that are here:
2 chunks of flesh; an adder skeleton
There is a stone staircase leading down, spattered with blood here.
* * * LOW HITPOINT WARNING * * *
You feel sick.
Things that are here:
2 chunks of flesh; an adder skeleton
g - 2 chunks of flesh
There is a stone staircase leading down, spattered with blood here.
* * * LOW HITPOINT WARNING * * *
You feel sick.
* * * LOW HITPOINT WARNING * * *
You feel sick.
* * * LOW HITPOINT WARNING * * *
You feel sick.
* * * LOW HITPOINT WARNING * * *
You feel sick.
You die...

#......#.....# #.#....#
#.#. #.######.....#
#.####.# #.## #.# #######
#.# #.# #... #.#
####.####.# #### #.#
#.........# #.# #.#########
#.# #.# #.# ##.## #.# #.@.#
#.# ##...## #.# ##..#..##
#.# ##..###..## #.# ##..##
##..## #.# ##..## ##..##
#.# ##..## ##..##
#.#####..###########..#####
#.#.......................#


There were no monsters in sight!

Vanquished Creatures
  2 gnolls (D:1)
  An adder (D:1)
  A dart slug (D:1)
  A ball python (D:1)
  A goblin (D:1)
  2 hobgoblins (D:1)
  3 bats (D:1)
  3 frilled lizards (D:1)
  3 kobolds (D:1)
  2 rats (D:1)
19 creatures vanquished.

Notes
Turn   | Place    | Note
-------+----------+-------------------------------------------
     0 | D:1      | CanOfBees the Demonspawn Gladiator began the quest for the
                  | Orb.
     0 | D:1      | Reached XP level 1. HP: 16/16 MP: 1/1
   375 | D:1      | Gained mutation: You have sharp toenails. [demonic
                  | ancestry]
   375 | D:1      | Reached XP level 2. HP: 20/22 MP: 2/2
   993 | D:1      | Gained mutation: You have razor-sharp toenails. [demonic
                  | ancestry]
   993 | D:1      | Reached XP level 3. HP: 21/28 MP: 3/3
  1132 | D:1      | HP: 1/28 [poisoned by an adder]
  1136 | D:1      | Succumbed to an adder's poison

Levels and vault maps discovered:
D:1:      dpeg_chamrin_arrival_tetris, layout_basic
D:2:      layout_rooms, nemelex_lonely_heart_becter, uniq_robin

Skill      XL: |  1  2 |
---------------+-------+-----
Throwing       | 2 |  2.3
Long Blades    | 3 |  3.1
Dodging        | 3 |  3.0
Fighting       | |  2.6

Action                   || total
-------------------------++-------
Melee: Long sword        ||    39
       Kick              ||     9
Throw: Stone             ||    22
       Throwing net      ||     2
  Eat: Chunk             ||     3
Armor: Leather armour    ||    13
Dodge: Dodged            ||    34
       Rpst.: Long sword ||    13

Table legend:
 A = Non-vault XP
 B = Vault XP
 C = Vault XP percentage of total XP
 D = Non-vault monster count
 E = Vault monster count
 F = Vault count percentage of total count
                 A         B        C        D         E       F
            +---------+---------+-------+---------+---------+-------
      Total |      65 |       0 |   0.0 |      19 |       0 |   0.0
            +---------+---------+-------+---------+---------+-------
        D:1 |      65 |       0 |   0.0 |      19 |       0 |   0.0
            +---------+---------+-------+---------+---------+-------
